 Dungeon Crawl Stone Soup version 0.29-a0-575-g0dc89cf053 (webtiles) character file.

Game seed: 1186460912850636072

18 freelancePsychic the Ducker (level 2, 0/25 HPs)
             Began as a Ghoul Wanderer on June 12, 2022.
             Slain by an orc
             ... wielding a +0 trident
              (6 damage)
             ... on level 2 of the Dungeon.
             The game lasted 00:02:01 (1265 turns).

freelancePsychic the Ducker (Ghoul Wanderer)        Turns: 1265, Time: 00:02:02

Health: 0/25       AC:  5    Str: 14    XL:     2   Next: 66%
Magic:  2/2        EV: 11    Int:  6    God:
Gold:   19         SH:  4    Dex: 10    Spells: 2/3 levels left

rFire   . . .      SeeInvis .   c - +0 flail
rCold   + . .      Faith    .   b - +0 buckler
rNeg    + + +      Spirit   .   d - +2 leather armour
rPois   ∞          Reflect  .   (no helmet)
rElec   .          Harm     .   (no cloak)
rCorr   .          Rampage  .   (no gloves)
Will    .....                   (no boots)
Stlth   +.........              (no amulet)
HPRegen 0.00/turn               (no ring)
MPRegen 0.08/turn               (no ring)

@: inhibited regen
A: claws 1, cold resistance 1, negative energy resistance 3, inhibited
regeneration, torment resistance 2, devour on kill
a: no special abilities


You were on level 2 of the Dungeon.
You visited 1 branch of the dungeon, and saw 2 of its levels.

You collected 19 gold pieces.

Inventory:

Hand Weapons
 c - a +0 flail (weapon)
Armour
 b - a +0 buckler (worn)
 d - a +2 leather armour (worn)
Jewellery
 a - a +6 ring of intelligence
Scrolls
 e - 2 scrolls of teleportation {unknown}
 g - a scroll of amnesia {unknown}


   Skills:
 + Level 2.7 Fighting
 * Level 1.2 Maces & Flails
 - Level 3.6 Dodging
 - Level 2.0 Shields
 - Level 1.0 Spellcasting
 - Level 1.0 Summonings


You had 2 spell levels left.
You knew the following spells:

 Your Spells              Type           Power      Damage    Failure   Level
a - Summon Small Mammal   Summ           4%         N/A       45%         1

Your spell library contained the following spells:

 Spells                   Type           Power      Damage    Failure   Level
 Summon Guardian Golem    Hex/Summ       0%         N/A       88%         3
 Ignite Poison            Fire/Tmut/Pois 0%         N/A       92%         3
 Mephitic Cloud           Conj/Pois/Air  0%         N/A       92%         3
 Freezing Cloud           Conj/Ice/Air   0%         6-21      100%        5


Dungeon Overview and Level Annotations

Branches:
Dungeon (2/15)

Altars:


Innate Abilities, Weirdness & Mutations

You are immune to poison.
You have sharp fingernails.
Your flesh is cold resistant. (rC+)
You are immune to negative energy. (rN+++)
You do not regenerate when monsters are visible.
You are immune to unholy pain and torment.
You thrive by killing the living.


Message History

There is a stone staircase leading down here.
You climb downwards.
The orc shouts!
There is a stone staircase leading up here.
There are monsters nearby!
The orc hits you with a +0 trident.
You hit the orc but do no damage. The orc hits you with a +0 trident.
You closely miss the orc. You block the orc's attack.
You closely miss the orc. The orc misses you.
The orc hits you but does no damage. The orc barely misses you. x2
You barely miss the orc. The orc hits you with a +0 trident.
The orc barely misses you.
You are too injured to fight recklessly!
You are too injured to fight recklessly!
You are too injured to fight recklessly!
You are too injured to fight recklessly!
You are too injured to fight recklessly!
You are too injured to fight recklessly!
You are too injured to fight recklessly!
You are too injured to fight recklessly!
You are too injured to fight recklessly!
You are too injured to fight recklessly!
You are too injured to fight recklessly!
You are too injured to fight recklessly!
You completely miss the orc. The orc closely misses you.
The orc hits you with a +0 club.
You barely miss the orc. The orc barely misses you.
The orc hits you but does no damage. The orc closely misses you.
The orc hits you with a +0 club.
You closely miss the orc. You block the orc's attack.
The orc hits you but does no damage.
You hit the orc but do no damage. The orc hits you but does no damage. x2
You barely miss the orc. The orc hits you with a +0 trident.
The orc barely misses you. The orc hits you with a +0 trident.
The orc hits you with a +0 club.
* * * LOW HITPOINT WARNING * * *
You hit the orc but do no damage. You block the orc's attack.
The orc hits you but does no damage.
You completely miss the orc. The orc hits you with a +0 trident.
You die...

#.# #+## #.# ##...##
##.# ##.....## ##..#
##.!.....##
.#.#...####.........#
......o...'.........+
##.#...####.........#
#.##.## ##....o..# #
.... ##...@.## ...##.
#....o## ##.o
.#.........# #o.
#.....?..(# #..
#...........
#.........#..
...........##.#
##.##......# .#
###....# #


You could see 2 orcs.

Vanquished Creatures
  An orc (D:1)
  2 goblins (D:1)
  2 hobgoblins (D:1)
  3 jackals (D:1)
  A quokka (D:1)
  2 ball pythons (D:1)
  A frilled lizard (D:1)
  2 kobolds (D:1)
  2 rats (D:1)
16 creatures vanquished.

Notes
Turn   | Place    | Note
-------+----------+-------------------------------------------
     0 | D:1      | freelancePsychic the Ghoul Wanderer began the quest for the
                  | Orb.
     0 | D:1      | freelancePsychic set off with the following items: a +0
                  | club, a +0 buckler, a potion of curing {@q1}, a +2 leather
                  | armour; and the following spell memorised: Summon Small
                  | Mammal; and the following spells available to memorise:
                  | Summon Guardian Golem
     0 | D:1      | Reached XP level 1. HP: 17/17 MP: 1/1
   389 | D:1      | Reached XP level 2. HP: 25/25 MP: 2/2
   608 | D:1      | You fall into a shaft and drop 1 floor!
   644 | D:1      | HP: 1/25 [orc/+0 flail (5)]
   675 | D:1      | Reached skill level 1 in Maces & Flails
  1265 | D:2      | Slain by an orc

Illustrated notes

Levels and vault maps discovered:
D:1:      lightli_arrival_boilingwater, layout_basic
D:2:      minmay_inner_zag, layout_loops_corners, minmay_tromino_v4_c

Skill      XL: |  1  2 |
---------------+-------+-----
Shields        | 2 |  2.0
Maces & Flails | 1 |  1.2
Fighting       | |  2.7
Dodging        | |  3.6
Spellcasting   | |  1.0
Summonings     | |  1.0

Action                   || total
-------------------------++-------
Melee: Club              ||    61
       Flail             ||    20
  Use: Potion            ||     3
 Stab: Invisible         ||     1
Armor: Leather armour    ||    38
Dodge: Dodged            ||    55
Block: Buckler           ||    12

Table legend: (Time is in decaauts)
 A = Elapsed time spent in this place.
 B = Non-inter-level travel time spent in this place.
 C = Inter-level travel time spent in this place.
 D = Time resting spent in this place.
 E = Time spent auto-exploring this place.
 F = Levels seen in this place.
 G = Mean time per level.
                   A        B        C        D        E       F      G
               +--------+--------+--------+--------+--------+-----+--------+
         Total |   1295 |   1275 |     20 |      0 |   1040 |   2 |  647.5 |
       Dungeon |   1295 |   1275 |     20 |      0 |   1040 |   2 |  647.5 |
               +--------+--------+--------+--------+--------+-----+--------+

Top non-repeatable levels by time:
     D:1: 1260 daAuts
     D:2: 35 daAuts
